Map: Lerilak Crest

Players

AceVenturaPD

  • Race: Terran Terran
  • League: Diamond

LilDicky - Winner!

  • Race: Terran Terran
  • League: Diamond

VOD

http://www.twitch.tv/tumescentpie

Description

Time

  • Played on: Dec. 8, 2015, 11:52 a.m.
  • Length: 5:54
Show
View Real Time Build Order
Export as new Build Order

AceVenturaPD Terran 

Build Orders: 1/1/1, Cyclone Opening 

Get SALT Encoding   

  12  0:01  SCV  
  13  0:14  SCV  
  14  0:17  Supply Depot  
  14  0:26  SCV  
  15  0:29  Refinery  
  15  0:41  SCV  
  16  0:46  Barracks  
  16  0:54  SCV  
  17  1:06  SCV  
  18  1:18  SCV  
  19  1:33  Orbital Command  
  19  1:34  Marine  
  19  1:35  Factory  
  19  1:38  Refinery  
  20  1:49  Supply Depot  
  20  1:52  Marine  
  21  2:02  SCV  
  22  2:12  Marine  
  23  2:18  SCV  
  23  2:21  Factory Tech Lab  
  23  2:23  Starport  
  23  2:31  SCV  
  23  2:32  Marine  
  25  2:38  Supply Depot  
  25  2:48  Cyclone  
  25  2:49  Marine, Liberator  
  29  2:56  SCV  
  30  3:08  Marine  
  34  3:15  Supply Depot  
  34  3:29  Siege Tank  
  34  3:34  Marine  
  37  3:37  Supply Depot  
  38  3:48  Engineering Bay  
  38  3:53  Marine  
  39  4:01  Command Center  
  39  4:18  SCV  
  37  4:56  Viking  
  29  5:35  Missile Turret  
Show
View Real Time Build Order
Export as new Build Order

LilDicky Terran - Winner!

Build Orders: Banshee Rush 

Get SALT Encoding   

  12  0:01  SCV  
  13  0:13  SCV  
  14  0:17  Supply Depot  
  14  0:25  SCV  
  15  0:32  Refinery  
  15  0:39  SCV  
  16  0:51  SCV  
  16  0:55  Barracks  
  17  1:03  SCV  
  18  1:15  SCV  
  19  1:34  Supply Depot  
  20  1:42  Orbital Command  
  20  1:44  Reaper  
  20  1:50  Refinery  
  20  2:01  Factory  
  20  2:16  Marine  
  21  2:25  SCV  
  22  2:37  SCV  
  23  2:47  Factory Tech Lab  
  23  2:48  Starport  
  23  2:49  SCV  
  23  2:50  Marine  
  25  2:56  Command Center  
  25  3:00  Supply Depot  
  25  3:01  SCV  
  26  3:10  Marine  
  27  3:13  SCV  
  28  3:25  SCV  
  28  3:33  Banshee, Cloaking Field  
  28  3:34  Supply Depot  
  31  3:37  SCV, Widow Mine  
  34  3:46  Engineering Bay  
  34  3:49  SCV  
  34  3:51  Marine  
  36  4:02  SCV  
  37  4:09  Marine  
  38  4:12  Orbital Command  
  38  4:14  SCV  
  39  4:17  Missile Turret  
  39  4:18  Supply Depot  
  40  4:26  Marine  
  41  4:35  Banshee  
  44  4:41  Factory Tech Lab  
  42  4:52  SCV  
  43  5:08  Barracks  
  43  5:11  Siege Tank  
  46  5:19  Supply Depot  
Tags
 
Add a new tag
Caveats
  • Supply blocks, unpowered buildings, or Contaminate may cause inaccurate times.
  • Supply counts are checked every 10 seconds.